 Dungeon Sprint DCSS version 0.20.1-1-g8b1a95d (webtiles) character file.

2528 wojtek the Bludgeoner (level 9, -4/90 HPs)
             Began as a Minotaur Fighter on Dec 30, 2017.
             Was a Believer of Makhleb.
             Slain by a deep troll (23 damage)
             ... in the Dungeon (Sprint I: "Red Sonja").
             The game lasted 00:02:23 (1228 turns).

wojtek the Bludgeoner (Minotaur Fighter)            Turns: 1228, Time: 00:02:23

Health: -4/90      AC:  9    Str: 25    XL:     9   Next: 29%
Magic:  12/12      EV: 11    Int:  5    God:    Makhleb [**....]
Gold:   255        SH:  9    Dex:  9    Spells: 8/8 levels left

rFire    . . .     SeeInvis +   a - +0 flail
rCold    . . .     Gourm    .   c - +0 shield
rNeg     . . .     Faith    .   b - +0 scale mail
rPois    .         Spirit   .   (helmet restricted)
rElec    .         Reflect  .   (no cloak)
rCorr    .         Harm     .   (no gloves)
MR       .....     NoTele   +   (no boots)
Stlth    ..........             (no amulet)
Regen    0.3/turn               l - ring of see invisible
MPRegen  0.2/turn               (no ring)

@: no status effects
A: retaliatory headbutt, horns 2
a: Minor Destruction, Renounce Religion


You were in the Dungeon.
You worshipped Makhleb.
Makhleb was pleased with you.
You were not hungry.

You visited 1 branch You collected 405 gold pieces.
You spent 150 gold pieces at shops.

Inventory:

Hand Weapons
 a - a +0 flail (weapon)
Armour
 b - a +0 scale mail (worn)
 c - a +0 shield (worn)
 p - a +0 ring mail
Jewellery
 l - a ring of see invisible (left hand)
Scrolls
 k - a scroll of blinking
 o - 3 scrolls of identify {unknown}
Potions
 d - a potion of might
 e - a potion of curing
 g - a potion of heal wounds
 h - a potion of haste
 i - 2 potions of magic
 j - a potion of berserk rage
Comestibles
 f - a bread ration
 n - a meat ration


   Skills:
 + Level 12.0 Fighting
 * Level 15.7 Maces & Flails
 + Level 11.9 Armour
 + Level 7.0 Dodging
 + Level 3.6 Shields
 + Level 6.3 Invocations


You had 8 spell levels left.
You didn't know any spells.

Dungeon Overview and Level Annotations

Branches:
Dungeon (1/1)

Altars:
Cheibriados
Dithmenos
Elyvilon
Fedhas
Gozag
Hepliaklqana
Kikubaaqudgha
Makhleb
Nemelex Xobeh
Okawaru
Qazlal
Ru
Sif Muna
Trog
Uskayaw
Vehumet
Xom
Yredelemnul
Zin
The Shining One
Jiyva
Lugonu

Shops:
D *


Innate Abilities, Weirdness & Mutations

You reflexively headbutt those who attack you in melee.
You have a pair of horns on your head.


Message History

The deep troll is heavily wounded.
You block the deep troll's attack. x2; The deep troll claws you!
Your shield and scale mail prevent you from hitting the deep troll.
The deep troll is heavily wounded.
The deep troll bites you. The deep troll barely misses you.
The deep troll claws you but does no damage.
You closely miss the deep troll.
The deep troll is heavily wounded.
You hit the deep troll.
The deep troll is heavily wounded.
The deep troll bites you!!
* * * LOW HITPOINT WARNING * * *
The deep troll claws you.
* * * LOW HITPOINT WARNING * * *
The deep troll claws you.
* * * LOW HITPOINT WARNING * * *
You closely miss the deep troll.
The deep troll is heavily wounded.
The deep troll bites you!!
You die...

#<.#..)..#.))..#__#..'54.#
#..').#..'..#..'..'..#5.§#
#..#####'#####'#__####K5§+
#..####..#...#)####§.#####
#..#__####..##(#§§§§§#
#..#_____##'#..§§≈§..+
#⌠⌠#_.∩...'.§)_#§§§..#
####_..__##_.#'##§####
#_____###+#(#@.(.# #######
####T### .$$ ####


You could see a deep troll.

Vanquished Creatures
  2 centaur warriors (D)
  2 kobold demonologists (D)
  A slime creature (D)
  Sigmund (D)
  A yak (D)
  A floating eye (D)
  An ogre (D)
  A jelly (D)
  Ijyb (D)
11 creatures vanquished.

Vanquished Creatures (others)
  A gargoyle (D)
1 creature vanquished.

Grand Total: 12 creatures vanquished

Notes
Turn   | Place    | Note
-------+----------+-------------------------------------------
     0 | D        | wojtek the Minotaur Fighter began the quest for the Orb.
     0 | D        | Reached XP level 1. HP: 19/19 MP: 0/0
     1 | D        | Noticed Ijyb
    14 | D        | Killed Ijyb
    14 | D        | Reached skill level 5 in Fighting
    14 | D        | Reached skill level 5 in Maces & Flails
    14 | D        | Reached XP level 2. HP: 15/29 MP: 1/1
   165 | D        | Noticed an ogre
   170 | D        | Killed an ogre
   170 | D        | Reached skill level 8 in Maces & Flails
   170 | D        | Reached XP level 3. HP: 32/38 MP: 2/2
   170 | D        | Reached XP level 4. HP: 38/45 MP: 3/3
   218 | D        | Noticed Sigmund
   223 | D        | Killed Sigmund
   223 | D        | Reached skill level 10 in Maces & Flails
   223 | D        | Reached XP level 5. HP: 37/53 MP: 4/4
   239 | D        | Killed a gargoyle
   321 | D        | Found a burning altar of Makhleb.
   321 | D        | Found a viscous altar of Jiyva.
   321 | D        | Found a shimmering altar of Xom.
   321 | D        | Found a corrupted altar of Lugonu.
   321 | D        | Noticed a slime creature
   330 | D        | Killed a slime creature
   330 | D        | Reached skill level 12 in Maces & Flails
   330 | D        | Reached XP level 6. HP: 11/64 MP: 5/5
   333 | D        | Became a worshipper of Makhleb the Destroyer
   592 | D        | Found a deep blue altar of Sif Muna.
   594 | D        | Found a radiant altar of Vehumet.
   620 | D        | Found Onielafo's General Store.
   620 | D        | Found an ancient bone altar of Kikubaaqudgha.
   620 | D        | Found a hazy altar of Hepliaklqana.
   620 | D        | Found a stormy altar of Qazlal.
   620 | D        | Found a hide-covered altar of Uskayaw.
   620 | D        | Found a blossoming altar of Fedhas.
   620 | D        | Found a bloodstained altar of Trog.
   620 | D        | Found an iron altar of Okawaru.
   620 | D        | Found a basalt altar of Yredelemnul.
   620 | D        | Found a glowing golden altar of the Shining One.
   620 | D        | Found a snail-covered altar of Cheibriados.
   620 | D        | Found a sacrificial altar of Ru.
   620 | D        | Found a glowing silver altar of Zin.
   620 | D        | Found a shadowy altar of Dithmenos.
   620 | D        | Found a white marble altar of Elyvilon.
   620 | D        | Noticed a yak
   626 | D        | Killed a yak
   626 | D        | Reached XP level 7. HP: 62/71 MP: 5/7
   627 | D        | Found an opulent altar of Gozag.
   628 | D        | Found a sparkling altar of Nemelex Xobeh.
   632 | D        | Bought an uncursed ring of see invisible for 150 gold pieces
   657 | D        | Noticed a kobold demonologist
   658 | D        | Noticed a kobold demonologist
   659 | D        | Noticed a ynoxinul
   659 | D        | Paralysed by a floating eye for 3 turns
   662 | D        | Reached * piety under Makhleb
   662 | D        | Reached skill level 10 in Fighting
   662 | D        | Reached skill level 13 in Maces & Flails
   662 | D        | Reached skill level 10 in Armour
   668 | D        | Noticed a sun demon
   674 | D        | Killed a kobold demonologist
   683 | D        | Noticed a red devil
   695 | D        | Noticed a rust devil
   699 | D        | Killed a kobold demonologist
   699 | D        | Reached skill level 14 in Maces & Flails
   699 | D        | Reached XP level 8. HP: 38/81 MP: 8/10
   929 | D        | Noticed a centaur warrior
   930 | D        | Noticed a centaur warrior
   951 | D        | Killed a centaur warrior
   951 | D        | Reached ** piety under Makhleb
   951 | D        | Reached skill level 15 in Maces & Flails
   951 | D        | Reached skill level 5 in Invocations
   963 | D        | Killed a centaur warrior
   963 | D        | Reached XP level 9. HP: 25/90 MP: 12/12
  1221 | D        | Noticed a deep troll
  1228 | D        | Slain by a deep troll

Skill      XL: |  1  2  3  4  5  6  7  8 |
---------------+-------------------------+-----
Fighting       | 5 6 8 9 10 12 | 12.0
Maces & Flails | 5 8 10 12 14 15 | 15.7
Armour         | 4 6 8 9 10 11 | 11.9
Dodging        | 2 4 7 |  7.0
Invocations    | 2 4 6 |  6.3
Shields        | |  3.6

Action                   |  1- 3 |  4- 6 |  7- 9 || total
-------------------------+-------+-------+-------++-------
Melee: Flail             |    16 |    20 |    60 ||    96
       Headbutt          |     3 |     6 |    10 ||    19
  Eat: Chunk             |       |       |     1 ||     1
Armor: Scale mail        |     4 |     4 |    32 ||    40
Dodge: Dodged            |     2 |     2 |    27 ||    31
Block: Shield            |     6 |       |    27 ||    33
